 Dungeon Crawl Stone Soup version 0.31.0-4-g52a2dc7128 (webtiles) character file.

Game seed: 9096754453221780172

1159 mainiacjoe the Summoner (level 8, 0/41 HPs)
             Began as a Tengu Summoner on Jan 21, 2024.
             Was an Initiate of Ru.
             Slain by a black bear (4 damage)
             ... on level 6 of the Dungeon.
             The game lasted 00:29:20 (5648 turns).

mainiacjoe the Summoner (Tengu Summoner)            Turns: 5648, Time: 00:29:21

Health: 0/41       AC:  3    Str:  8    XL:     8   Next: 39%
Magic:  13/15      EV: 16    Int: 18    God:    Ru [......]
Gold:   127        SH:  0    Dex: 15    Spells: 1/15 levels left

rFire   . . .        a - +2 dagger (speed)
rCold   + . .        i - orb {*Rage}
rNeg    . . .        m - +0 robe
rPois   .            (helmet restricted)
rElec   .            r - +0 cloak
rCorr   +            (no gloves)
SInv    .            (boots unavailable)
Will    .....        (no amulet)
Stlth   ++           o - ring of protection from cold
HPRegen 0.26/turn    n - ring of resist corrosion
MPRegen 0.14/turn

%: random rage (20%), acrobat
@: on berserk cooldown, flying, slowed, very slow
A: beak, talons 3, evasive flight, acrobatic
a: Renounce Religion


You were on level 6 of the Dungeon.
You worshipped Ru.
Ru was noncommittal.
You visited 2 branches of the dungeon, and saw 7 of its levels.

You collected 297 gold pieces.
You spent 170 gold pieces at shops.

Inventory:

Hand Weapons
 a - a +2 dagger of speed (weapon)
 e - a +0 dagger
 q - a +0 short sword
 s - a +1 short sword of venom
 y - a +0 sling
 G - a +0 orcbow
Missiles
 d - 46 stones
 f - 11 poisoned darts
 j - 2 darts of dispersal {=F}
 z - a boomerang
 H - 2 throwing nets {=F}
Armour
 i - an orb of wrath (worn)
 m - a +0 robe (worn)
 r - a +0 cloak (worn)
Magical Staves
 c - a staff of cold
Jewellery
 n - a ring of resist corrosion (right hand)
 o - a ring of protection from cold (left hand)
Wands
 l - a wand of polymorph (1)
 u - a wand of flame (23)
Scrolls
 h - a scroll of fog
 t - a scroll of fear
 v - 2 scrolls of teleportation
 w - a scroll of vulnerability
 x - a scroll of amnesia
 I - a scroll of blinking
Potions
 b - a potion of magic
 g - 2 potions of attraction
 k - a potion of mutation
 p - 2 potions of enlightenment
 A - a potion of haste
 B - 2 potions of curing
 C - a potion of brilliance
 D - 2 potions of lignification {unknown}
 E - 2 potions of cancellation {unknown}
 F - a potion of resistance {unknown}


   Skills:
 - Level 2.1 Dodging
 - Level 2.0 Stealth
 - Level 4.0 Spellcasting
 + Level 10.4 Summonings
 - Level 2.0 Fire Magic
 - Level 5.0 Air Magic


You had one spell level left.
You knew the following spells:

 Your Spells              Type           Power      Damage    Failure   Level
a - Summon Small Mammal   Summ           100%       N/A       1%          1
b - Call Imp              Summ           82%        N/A       1%          2
c - Call Canine Familiar  Summ           41%        N/A       1%          3
d - Summon Lightning Spi  Summ/Air       31%        N/A       6%          4
e - Summon Blazeheart Go  Fire/Summ      25%        N/A       12%         4

Your spell library contained the following spells:

 Spells                   Type           Power      Damage    Failure   Level
 Passage of Golubria      Tloc           3%         N/A       82%         4
 Silence                  Hex/Air        6%         N/A       82%         5
 Lehudib's Crystal Spear  Conj/Erth      1%         10d2      100%        8


Dungeon Overview and Level Annotations

Branches:
Dungeon (6/15)             Temple (1/1) D:5

Altars:
Cheibriados
Elyvilon
Fedhas
Hepliaklqana
Kikubaaqudgha
Nemelex Xobeh
Okawaru
Qazlal
Ru
Uskayaw
Vehumet
Wu Jian
Xom
Zin
The Shining One

Shops:
D:3 ?(


Innate Abilities, Weirdness & Mutations

You have a beak for a mouth.
You have claws for feet.
Your magical flight helps you evade attacks. (EV +4)
You can magically evade attacks while moving or waiting.


Message History

The shadow imp is almost dead.
You puncture the shadow imp!
You kill the shadow imp!
You closely miss something. You barely miss something.
Your kick misses something. Something hits you but does no damage.
You miss something. You claw something. You closely miss something.
Your kick misses something. You miss something. Your kick misses something.
You peck something. Something hits you. Something shocks you.
* * * LOW HITPOINT WARNING * * *
You miss something. Your kick misses something. Your peck misses something.
You miss something. Your kick misses something. Your peck misses something.
Something hits you.
* * * LOW HITPOINT WARNING * * *
Something shocks you.
* * * LOW HITPOINT WARNING * * *
You completely miss something. Your kick misses something.
Your peck misses something. You hit something. Something barely misses you.
You barely miss something. Your kick misses something.
Your peck misses something. You closely miss something.
Your kick misses something. Something hits you.
* * * LOW HITPOINT WARNING * * *
Something shocks you.
* * * LOW HITPOINT WARNING * * *
You barely miss something. You peck something! You miss something.
You claw something! Something hits you but does no damage.
You miss something. You puncture something!
Reactivating autopickup.
You feel a bit more experienced.
You are no longer berserk.
You are exhausted.
You feel yourself slow down.
You hit the black bear.
The black bear is lightly wounded.
The black bear closely misses you. The black bear completely misses you.
The black bear claws you.
You die...

....# ....# ....#
....# ## ....#
#..########### ....#
#>.......@h..##....#
#####.######./.....#
#.# ###.....# #.#
#.....# #.# #.....#
#.# ##....# #.#
#...# #.# ##..# #.#
#.#


You could see a black bear.

Vanquished Creatures
  A nameless horror (D:6)
  2 sky beasts (D:6)
  A centaur (D:5)
  An orc priest (D:3)
  A hound (D:3)
  A sleepcap (D:6)
  2 iguanas (D:5)
  A gnoll (D:6)
  4 adders
  A shadow imp (D:6)
  A ribbon worm (D:2)
  5 orcs
  2 ball pythons (D:2)
  12 bats
  2 giant cockroaches
  A goblin (D:2)
  A bat simulacrum (D:5)
  2 frilled lizards (D:1)
  3 rats
44 creatures vanquished.

Vanquished Creatures (collateral kills)
  A black bear (D:5)
  A howler monkey (D:4)
  A vampire bat (D:5)
  2 jellies
  2 orc priests
  2 iguanas (D:5)
  4 orc wizards
  5 adders
  3 gnolls (D:6)
  2 shadow imps (D:5)
  2 ribbon worms
  2 dart slugs (D:2)
  3 fire bats (D:5)
  12 orcs
  2 spectral bats (D:5)
  3 bat skeletons (D:5)
  A bat zombie (D:5)
  2 giant cockroaches
  2 hobgoblins
  6 kobolds
  2 quokkas
  2 ball pythons
  5 bats
  2 frilled lizards
  7 goblins
  A rat (D:1)
77 creatures vanquished.

Grand Total: 121 creatures vanquished

Notes
Turn   | Place    | Note
-------+----------+-------------------------------------------
     0 | D:1      | mainiacjoe the Tengu Summoner began the quest for the Orb.
     0 | D:1      | Reached XP level 1. HP: 10/10 MP: 4/4
   182 | D:1      | Reached skill level 5 in Summonings
   352 | D:1      | Reached XP level 2. HP: 15/15 MP: 1/6
   355 | D:1      | Learned a level 2 spell: Call Imp
  1441 | D:2      | Reached XP level 3. HP: 19/19 MP: 0/7
  1763 | D:2      | Learned a level 3 spell: Call Canine Familiar
  1802 | D:2      | Found a faded altar of an unknown god.
  2201 | D:3      | Reached skill level 6 in Summonings
  2201 | D:3      | Reached XP level 4. HP: 24/24 MP: 1/9
  2430 | D:3      | Noticed an angel
  2432 | D:3      | Found a glowing silver altar of Zin.
  2433 | D:3      | Found a shimmering altar of Xom.
  2579 | D:3      | Found Boidoa's Antique Weapon Boutique.
  2584 | D:3      | Reached XP level 5. HP: 28/28 MP: 5/10
  2596 | D:3      | Learned a level 4 spell: Summon Lightning Spire
  2725 | D:3      | Upgraded the game from 0.31.0-2-g5a2aebc5c2 to
                  | 0.31.0-4-g52a2dc7128
  2751 | D:3      | Found Ymnet's Magic Scroll Shop.
  2764 | D:3      | Bought a scroll of fear for 40 gold pieces
  2764 | D:3      | Bought a scroll of identify for 20 gold pieces
  2764 | D:3      | Bought a scroll of noise for 10 gold pieces
  2764 | D:3      | Bought a scroll of teleportation for 30 gold pieces
  2764 | D:3      | Bought a scroll of teleportation for 30 gold pieces
  3073 | D:3      | Reached skill level 7 in Summonings
  3073 | D:3      | Reached skill level 1 in Air Magic
  3166 | D:3      | Bought a scroll of amnesia for 40 gold pieces
  3293 | D:4      | Reached XP level 6. HP: 8/32 MP: 9/12
  3518 | D:4      | Noticed a +0 dagger
  3518 | D:4      | Noticed a +0 spear
  3519 | D:4      | Noticed a +0 dagger
  3519 | D:4      | Noticed a +0 falchion
  3520 | D:4      | Noticed a +0 short sword
  3521 | D:4      | Noticed a +0 short sword
  3521 | D:4      | Noticed a +0 falchion
  3522 | D:4      | Noticed a +0 spear
  3529 | D:4      | Found a hide-covered altar of Uskayaw.
  3860 | D:4      | Found an iron altar of Okawaru.
  4042 | D:5      | Entered Level 5 of the Dungeon
  4127 | D:5      | Gained mutation: Your magical flight helps you evade
                  | attacks. (EV +4) [Tengu growth]
  4127 | D:5      | Reached XP level 7. HP: 36/36 MP: 11/13
  4149 | D:5      | Found a staircase to the Ecumenical Temple.
  4189 | Temple   | Entered the Ecumenical Temple
  4200 | Temple   | Became a worshipper of Ru the Awakened
  4323 | D:5      | Reached skill level 8 in Summonings
  4323 | D:5      | Reached skill level 5 in Air Magic
  4328 | D:5      | Learned a level 4 spell: Summon Blazeheart Golem
  4361 | D:5      | Reached skill level 1 in Fire Magic
  4868 | D:5      | Reached skill level 9 in Summonings
  4938 | D:5      | Reached XP level 8. HP: 41/41 MP: 11/15
  5459 | D:6      | Reached skill level 10 in Summonings
  5614 | D:6      | Noticed a nameless horror
  5629 | D:6      | Killed a nameless horror
  5648 | D:6      | Slain by a black bear

Illustrated notes

Levels and vault maps discovered:
D:1:      sevenhm_arrival_forest_fort_small_5, layout_basic
D:2:      layout_rooms, shapermc_ecumenical_altar_pompeii, serial_curves,
          eino_curves_04, eino_curves_02, eino_curves_04, eino_curves_02
D:3:      layout_rooms, grunt_temple_overflow_order_and_chaos_1,
          serial_corexii_hall, corexii_hall_statues_i, corexii_hall_statues_t,
          chequers_hall_statues_y, chequers_hall_statues_y, serial_shops, shop,
          shop
D:4:      layout_loops_ring, nicolae_uskayaw_en_pointe, okawaru_trees_1,
          grunt_decor_clamped
D:5:      layout_loops_cross, minmay_temple_entry_stoned_glass, goddamned_bats
D:6:      layout_basic, led_sif_book
Temple:   jpeg_temple_clearing

Skill      XL: |  1  2  3  4  5  6  7  8 |
---------------+-------------------------+-----
Summonings     | 5 6 7 9 10 | 10.4
Spellcasting   | 3 4 |  4.0
Air Magic      | 2 4 5 |  5.0
Fire Magic     | 1 2 |  2.0
Dodging        | |  2.1
Stealth        | |  2.0

Action                     |  1- 3 |  4- 6 |  7- 9 || total
---------------------------+-------+-------+-------++-------
  Melee: Dagger            |    15 |    34 |    87 ||   136
         Kick              |     7 |    14 |    23 ||    44
         Short sword       |    12 |     7 |       ||    19
         Peck              |     1 |     7 |    16 ||    24
   Cast: Summon Small Mamm |    34 |     9 |       ||    43
         Call Imp          |    13 |    18 |     8 ||    39
         Call Canine Famil |     2 |    14 |     8 ||    24
         Summon Lightning  |       |       |     3 ||     3
    Use: Scroll            |     4 |     4 |     1 ||     9
   Stab: Sleeping          |     1 |       |     1 ||     2
 Armour: Robe              |    12 |    19 |    30 ||    61
  Dodge: Dodged            |    29 |    21 |    62 ||   112
